 Dungeon Sprint DCSS version 0.29.1-12-g30fa7ad0bf (webtiles) character file.

Game seed: 17923188690632986271

15150 Groucho the Spry (level 11, -2/52 HPs)
             Began as a Spriggan Enchanter on Dec 29, 2022.
             Was the Champion of Dithmenos.
             Succumbed to poison (dark miasma)
             ... in the Dungeon (Sprint II: "The Violet Keep of Menkaure").
             The game lasted 00:16:09 (2831 turns).

Groucho the Spry (Spriggan Enchanter)               Turns: 2831, Time: 00:16:10

Health: -2/52      AC:  3    Str: 17    XL:     11   Next: 98%
Magic:  28/31      EV: 30    Int: 27    God:    Dithmenos [******]
Gold:   804        SH:  5    Dex: 15    Spells: 29/40 levels left

rFire   + . .      SeeInvis +   a - +1 dagger
rCold   . . .      Faith    .   (no shield)
rNeg    . . .      Spirit   .   j - +1 robe "Qoucsur" {-Tele rF+ Str+7 Int+9}
rPois   +          Reflect  +   C - +0 hat
rElec   .          Harm     .   h - scarf {shadows}
rCorr   .          Rampage  .   (gloves unavailable)
Will    +....      NoTele   +   (boots unavailable) Stlth *+++++++++
                                k - amulet of reflection
HPRegen 0.17/turn               d - ring of flight
MPRegen 0.22/turn               f - ring of poison resistance

@: lethally poisoned (-2 -> -21), flying, slowed, wreathed by umbra, quick
A: very small, no large weapons, unfitting armour, see invisible, speed 3, frail
1, strong 1
a: Renounce Religion, Shadow Step, Shadow Form


You were in the Dungeon.
You worshipped Dithmenos.
Dithmenos was exalted by your worship.
You visited 1 branch You collected 1898 gold pieces.
You spent 1094 gold pieces at shops.

Inventory:

Hand Weapons
 a - a +1 dagger (weapon)
 l - a +1 short sword of venom
Armour
 c - a +1 robe of the Archmagi
 h - a scarf of shadows (worn)
 j - the +1 robe "Qoucsur" (worn) {-Tele rF+ Str+7 Int+9}
   (You bought it in a shop in the Dungeon)

   Str:       It affects your strength (+7).
   Int:       It affects your intelligence (+9).
   rF:        It protects you from fire.
   -Tele:     It prevents most forms of teleportation.
 o - a +0 cloak
 C - a +0 hat (worn)
Jewellery
 b - an amulet of guardian spirit
 d - a ring of flight (left hand)
 f - a ring of poison resistance (right hand)
 k - an amulet of reflection (around neck)
Scrolls
 p - 4 scrolls of identify {unknown}
 q - 2 scrolls of amnesia {unknown}
 s - a scroll of poison {unknown}
 t - 2 scrolls of silence {unknown}
 u - a scroll of fear {unknown}
 w - 2 scrolls of enchant weapon {unknown}
 x - a scroll of immolation {unknown}
 y - 2 scrolls of magic mapping {unknown}
 B - a scroll of vulnerability {unknown}
Potions
 g - 6 potions of magic
 m - a potion of curing
 n - 2 potions of might
 r - 3 potions of resistance {unknown}
 v - 3 potions of flight {unknown}
 z - 2 potions of degeneration {unknown}
 A - 4 potions of mutation {unknown}


   Skills:
 - Level 7.0 Fighting
 - Level 14.0 Short Blades
 + Level 19.7 Dodging
 - Level 16.0 Stealth
 - Level 15.0 Spellcasting
 - Level 3.4 Conjurations
 - Level 14.0 Hexes
 - Level 10.0 Invocations


You had 29 spell levels left.
You knew the following spells:

 Your Spells              Type           Power      Damage    Failure   Level
a - Ensorcelled Hibernat  Hex/Ice        100%       N/A       1%          2
b - Confusing Touch       Hex            77%        N/A       1%          3
c - Dazzling Flash        Conj/Hex       100%       N/A       1%          3
d - Tukima's Dance        Hex            77%        N/A       1%          3

Your spell library contained the following spells:

 Spells                   Type           Power      Damage    Failure   Level
 Necrotise                Necr           80%        1d8       2%          1
 Metabolic Englaciation   Hex/Ice        27%        N/A       4%          5
 Silence                  Hex/Air        27%        N/A       4%          5
 Petrify                  Tmut/Erth      20%        N/A       26%         4
 Borgnjor's Vile Clutch   Necr/Erth      10%        N/A       56%         5
 Statue Form              Tmut/Erth      13%        N/A       98%         6


Dungeon Overview and Level Annotations

Branches:
Dungeon (1/1)

Altars:
Cheibriados
Dithmenos
Elyvilon
Fedhas
Gozag
Hepliaklqana
Kikubaaqudgha
Makhleb
Nemelex Xobeh
Okawaru
Qazlal
Ru
Sif Muna
Trog
Uskayaw
Vehumet
Wu Jian
Xom
Yredelemnul
Zin
The Shining One
Jiyva
Lugonu

Shops:
D :?:(?(!*[!![==([((?

Annotations:
D exclusions: ice statue and oklob plant


Innate Abilities, Weirdness & Mutations

You are very small and have problems with some larger weapons.
You are too small for most types of armour.
You have supernaturally acute eyesight. (SInv)
You cover ground extremely quickly. (Speed+++)
You are frail. (-10% HP)
Your muscles are strong. (Str +4, Int/Dex -1)


Message History

You spit the water moccasin like a pig!!!!!
You kill the water moccasin!
Dithmenos accepts your kill.
You now have 804 gold pieces (gained 81).
You see here a water moccasin corpse.
There is an open door here.
Casting: Confusing Touch (safe; 1% risk of failure)
Confirm with . or Enter, or press ? or * to list all spells.
Aiming: Ensorcelled Hibernation (safe; 1% risk of failure)
Press: ? - help, Shift-Dir - straight line, f - death drake
Aim: a death drake (wandering, hasn't noticed you, umbra, chance to affect: 54%)
The death drake hisses angrily.
The death drake resists with some effort.
The death drake breathes miasma at you. The foul vapour engulfs you!
You are poisoned.
Casting: Ensorcelled Hibernation (safe; 1% risk of failure)
Confirm with . or Enter, or press ? or * to list all spells.
Aiming: Ensorcelled Hibernation (safe; 1% risk of failure)
Press: ? - help, Shift-Dir - straight line, f/p - death drake
Aim: a death drake (catching its breath, umbra, chance to affect: 54%)
The death drake resists with some effort.
Your shadow mimicks your spell!
The death drake looks drowsy...
You are engulfed in dark miasma.
You feel very sick.
Really fly into that cloud of foul pestilence?
You are engulfed in dark miasma.
You are lethally poisoned!
You feel very sick.
The helpless death drake fails to defend itself.
You stick the death drake like a pincushion!!!!!
You kill the death drake!
Dithmenos accepts your kill.
You are engulfed in dark miasma.
You feel yourself slow down.
* * * LOW HITPOINT WARNING * * *
You feel very sick.
You feel better.
You are engulfed in dark miasma.
You are lethally poisoned!
* * * LOW HITPOINT WARNING * * *
You die...

§§≈§§§≈## ▓▓+▓▓▓▓.▓
§§≈≈§≈≈≈##++## +°..▓0..▓
≈≈§§§§§##≈...### #.°○▓▓▓▓▓▓▓▓▓▓
≈§§§§§##)≈.....###.°.▓≈§≈≈≈≈§§▓▓
++#+++#####....#§##°[▓▓▓▓▓▓▓▓▓▓▓
...~~~.#.†'....#§.#))▓...)(...▓▓
##+##..#.†####°#§9#)|▓...(...(▓▓
##.###.####..'.##.#))▓[.....[.▓▓
..#..#....#..#..@####▓..[.)(..▓▓
#.#.####..#####..##.#▓........▓▓
##'###.##..#.†'.^#..#▓(.(.[...▓▓
##.##...#..#.†#..#.)#▓)..(.)..▓▓
'.<.'###'..####..##.#▓.[=.(([.▓▓
##.##...#....###...##▓▓▓▓▓▓▓'▓▓▓▓
##'###.##......~~~~~~~~~~~~~...≈≈
#...####~~§....~#'########§###.≈≈
.)#..#~~~~§§~..~#.._.....#~~§##≈≈


You could see a crystal guardian (wandering).

Vanquished Creatures
  A golden dragon (D)
  A deep elf master archer (D)
  A kraken (D)
  2 sphinxes (D)
  A storm dragon (D)
  2 boulder beetles (D)
  2 death drakes (D)
  2 deep trolls (D)
  3 shining eyes (D)
  A merfolk siren (D)
  A yaktaur (D)
  3 polar bears (D)
  A hornet (D)
  4 neqoxecs (D)
  A vampire mosquito (D)
  Menkaure (D)
  8 water moccasins (D)
  2 swamp drakes (D)
  3 black bears (D)
  4 scorpions (D)
  9 electric eels (D)
53 creatures vanquished.

Vanquished Creatures (others)
  8 tentacles (D)
8 creatures vanquished.

Grand Total: 61 creatures vanquished

Notes
Turn   | Place    | Note
-------+----------+-------------------------------------------
     0 | D        | Groucho the Spriggan Enchanter began the quest for the Orb.
     0 | D        | Reached XP level 1. HP: 9/9 MP: 5/5
     3 | D        | Noticed a neqoxec
     7 | D        | Noticed a scorpion
     7 | D        | Noticed a scorpion
     7 | D        | Noticed a scorpion
     7 | D        | Noticed a scorpion
    14 | D        | Killed a scorpion
    15 | D        | Reached skill level 5 in Spellcasting
    15 | D        | Reached skill level 5 in Hexes
    15 | D        | Reached XP level 2. HP: 13/13 MP: 6/9
    15 | D        | Reached XP level 3. HP: 16/16 MP: 6/10
    17 | D        | Killed a scorpion
    18 | D        | Reached skill level 5 in Short Blades
    18 | D        | Reached XP level 4. HP: 21/21 MP: 7/13
    22 | D        | Killed a scorpion
    23 | D        | Reached XP level 5. HP: 24/24 MP: 7/15
    26 | D        | Reached skill level 10 in Stealth
    35 | D        | Noticed a boulder beetle
    35 | D        | Noticed a boulder beetle
    38 | D        | Noticed Menkaure
    38 | D        | Noticed a merfolk siren
    41 | D        | Killed a merfolk siren
    42 | D        | Reached XP level 6. HP: 23/28 MP: 9/19
    42 | D        | Reached XP level 7. HP: 27/32 MP: 9/21
    42 | D        | Killed Menkaure
    43 | D        | Reached skill level 10 in Hexes
   219 | D        | Learned a level 2 spell: Ensorcelled Hibernation
   223 | D        | Learned a level 3 spell: Confusing Touch
   227 | D        | Learned a level 3 spell: Dazzling Flash
   231 | D        | Learned a level 3 spell: Tukima's Dance
   238 | D        | Killed a neqoxec
   239 | D        | Reached skill level 10 in Spellcasting
   239 | D        | Noticed a neqoxec
   240 | D        | Killed a neqoxec
   241 | D        | Reached skill level 1 in Conjurations
   241 | D        | Noticed a neqoxec
   241 | D        | Noticed a neqoxec
   242 | D        | Gained mutation: You are frail. (-10% HP) [a neqoxec]
   252 | D        | Gained mutation: Your muscles are strong. (Str +4, Int/Dex
                  | -1) [a neqoxec]
   258 | D        | Killed a neqoxec
   259 | D        | Reached XP level 8. HP: 23/32 MP: 20/23
   589 | D        | Found Fitz's Assorted Antiques.
   589 | D        | Found Tuakk's Distillery.
   589 | D        | Found Ussic's Distillery.
   589 | D        | Found Qaneo's Jewellery Shop.
   589 | D        | Found Seutwy's Antique Weapon Boutique.
   590 | D        | Found Ysyduuri's Weapon Shop.
   590 | D        | Found Kaublep's Antique Armour Boutique.
   590 | D        | Found Qolodips's Distillery.
   590 | D        | Found Wuvy's Magic Scroll Shop.
   590 | D        | Found Kaecux's Antique Weapon Boutique.
   591 | D        | Found Nimun Foec's Jewellery Boutique.
   591 | D        | Found Poloif Tami's Antique Armour Shop.
   591 | D        | Found Nodonem's Book Shop.
   591 | D        | Found Cutaonola's Magic Scroll Boutique.
   591 | D        | Noticed an unseen horror
   823 | D        | Noticed an unseen horror
   823 | D        | Noticed an oklob plant
   824 | D        | Found Vaatih's Book Shoppe.
   825 | D        | Noticed a hell hog
   826 | D        | Noticed a hell hog
   828 | D        | Noticed a cane toad
   829 | D        | Noticed a cane toad
   844 | D        | Bought a ring of flight for 175 gold pieces
   844 | D        | Bought a ring of poison resistance for 200 gold pieces
   866 | D        | Bought a runed scarf for 152 gold pieces
   873 | D        | Bought a colourful robe for 142 gold pieces
   873 | D        | Identified the +1 robe "Qoucsur" {-Tele rF+ Str+7 Int+9}
                  | (You bought it in a shop in the Dungeon)
   899 | D        | Killed a boulder beetle
   900 | D        | Reached skill level 10 in Short Blades
   900 | D        | Reached skill level 5 in Dodging
   902 | D        | Killed a boulder beetle
   903 | D        | Reached skill level 7 in Dodging
   903 | D        | Reached XP level 9. HP: 35/35 MP: 24/27
  1022 | D        | Found a stormy altar of Qazlal.
  1022 | D        | Found an ornate altar of the Wu Jian Council.
  1023 | D        | Found a hazy altar of Hepliaklqana.
  1023 | D        | Found a sacrificial altar of Ru.
  1024 | D        | Found a viscous altar of Jiyva.
  1024 | D        | Found a shimmering blue altar of Sif Muna.
  1026 | D        | Found a snail-covered altar of Cheibriados.
  1026 | D        | Found an ancient bone altar of Kikubaaqudgha.
  1027 | D        | Found a shadowy altar of Dithmenos.
  1027 | D        | Found a corrupted altar of Lugonu.
  1028 | D        | Found a white marble altar of Elyvilon.
  1029 | D        | Noticed a polar bear
  1030 | D        | Found a blossoming altar of Fedhas.
  1030 | D        | Found a shimmering altar of Xom.
  1030 | D        | Found a bloodstained altar of Trog.
  1030 | D        | Found a burning altar of Makhleb.
  1030 | D        | Noticed a polar bear
  1031 | D        | Found an opulent altar of Gozag.
  1031 | D        | Found a basalt altar of Yredelemnul.
  1031 | D        | Found a glowing golden altar of the Shining One.
  1031 | D        | Found a hide-covered altar of Uskayaw.
  1031 | D        | Found a sparkling altar of Nemelex Xobeh.
  1031 | D        | Noticed a polar bear
  1032 | D        | Found a glowing silver altar of Zin.
  1032 | D        | Found a radiant altar of Vehumet.
  1032 | D        | Found an iron altar of Okawaru.
  1035 | D        | Became a worshipper of Dithmenos the Shadowed
  1045 | D        | Noticed a yaktaur
  1051 | D        | Killed a polar bear
  1052 | D        | Reached skill level 8 in Dodging
  1059 | D        | Killed a polar bear
  1060 | D        | Reached skill level 1 in Fighting
  1063 | D        | Killed a yaktaur
  1063 | D        | Reached * piety under Dithmenos
  1064 | D        | Reached skill level 9 in Dodging
  1078 | D        | Killed a polar bear
  1374 | D        | Noticed an ice statue
  1403 | D        | Reached ** piety under Dithmenos
  1431 | D        | Bought a glowing short sword for 132 gold pieces
  1433 | D        | Bought a potion of invisibility for 88 gold pieces
  1433 | D        | Bought a potion of might for 44 gold pieces
  1443 | D        | Bought a cloak for 85 gold pieces
  1501 | D        | Reached skill level 10 in Dodging
  1504 | D        | Reached *** piety under Dithmenos
  1505 | D        | Reached skill level 1 in Invocations
  1506 | D        | Reached XP level 10. HP: 44/44 MP: 29/29
  1521 | D        | Reached **** piety under Dithmenos
  1550 | D        | Noticed a kraken
  1563 | D        | Killed a kraken
  1564 | D        | Reached skill level 11 in Dodging
  1602 | D        | Got the Collected Works on Cloudy Mortification
  1701 | D        | Noticed a deep troll
  1702 | D        | Noticed a deep troll
  1704 | D        | Killed a deep troll
  1704 | D        | Reached ***** piety under Dithmenos
  1705 | D        | Reached skill level 5 in Fighting
  1705 | D        | Reached skill level 15 in Spellcasting
  1705 | D        | Killed a deep troll
  1706 | D        | Reached skill level 12 in Dodging
  1706 | D        | Reached skill level 5 in Invocations
  1729 | D        | Noticed a sphinx
  1730 | D        | Noticed a sphinx
  1732 | D        | Killed a sphinx
  1733 | D        | Killed a sphinx
  1734 | D        | Reached skill level 13 in Dodging
  1734 | D        | Reached XP level 11. HP: 52/52 MP: 31/31
  1816 | D        | Found Zysoenlo's Magic Scroll Boutique.
  1816 | D        | Found Pipsunt's Weapon Shop.
  1816 | D        | Found Busaamni's Weapon Emporium.
  1816 | D        | Found Megotrom's Antique Armour Boutique.
  1816 | D        | Noticed a golden dragon
  1818 | D        | Killed a golden dragon
  1819 | D        | Reached skill level 14 in Dodging
  1823 | D        | Bought a hat for 76 gold pieces
  1834 | D        | Noticed a storm dragon
  2133 | D        | Killed a storm dragon
  2134 | D        | Reached skill level 15 in Dodging
  2165 | D        | Noticed a death drake
  2195 | D        | Noticed a deep elf master archer
  2205 | D        | Killed a deep elf master archer
  2206 | D        | Reached skill level 16 in Dodging
  2206 | D        | Reached skill level 10 in Invocations
  2222 | D        | Noticed a shining eye
  2222 | D        | Noticed a shining eye
  2222 | D        | Noticed a shining eye
  2224 | D        | Killed a shining eye
  2225 | D        | Killed a shining eye
  2226 | D        | Reached skill level 17 in Dodging
  2227 | D        | Killed a shining eye
  2235 | D        | Noticed a death drake
  2235 | D        | Noticed a crystal guardian
  2237 | D        | Reached skill level 18 in Dodging
  2242 | D        | Killed a death drake
  2242 | D        | Reached ****** piety under Dithmenos
  2251 | D        | HP: 2/52 [crystal guardian/crystal bolt (32)]
  2819 | D        | Reached skill level 19 in Dodging
  2830 | D        | Killed a death drake
  2831 | D        | Succumbed to poison (dark miasma)

Illustrated notes

Levels and vault maps discovered:
D:        the_violet_keep_of_menkaure [sprint2_stairs_cluster_1,
          sprint2_shoproom, sprint2_temple, sprint2_basic_supplies,
          sprint2_obstacle_5, sprint2_obstacle_2, sprint2_obstacle_7,
          sprint2_obstacle_4, sprint2_obstacle_3, sprint2_timed_cluster_1,
          sprint2_smallroom_cluster_1, sprint2_smallroom_final_cluster_1,
          sprint2_transparent_cluster_1, sprint2_second_timed_cluster_1,
          sprint2_sniper_area_1, sprint2_heavy_combat_area_1,
          sprint2_mutation_trap_area_1, sprint2_forest_area_1,
          sprint2_light_combat_area_1, sprint2_behind_water_1,
          sprint2_near_end_vault_1]

Skill      XL: |  1  2  3  4  5  6  7  8  9 10 11 |
---------------+----------------------------------+-----
Short Blades   | 4 5 8 9 10 12 14 | 14.0
Stealth        | 7 8 9 12 13 16 | 16.0
Spellcasting   | 5 6 7 9 10 13 14 15 | 15.0
Hexes          | 5 6 7 9 10 13 14 | 14.0
Conjurations   | 2 3 |  3.4
Dodging        | 7 10 13 19 | 19.7
Fighting       | 3 6 7 |  7.0
Invocations    | 1 6 10 | 10.0

Action                   |  1- 3 |  4- 6 |  7- 9 | 10-12 || total
-------------------------+-------+-------+-------+-------++-------
Melee: Dagger            |     8 |     9 |    54 |    58 ||   129
 Cast: Confusing Touch   |       |       |     5 |     1 ||     6
       Ensorcelled Hiber |       |       |     8 |     2 ||    10
Invok: Shadow Step       |       |       |       |     1 ||     1
       Shadow Form       |       |       |       |     1 ||     1
  Use: Potion            |     3 |       |     3 |     3 ||     9
       Scroll            |       |       |       |     1 ||     1
 Stab: Invisible         |     1 |     1 |     5 |     7 ||    14
       Sleeping          |       |     1 |    14 |    27 ||    42
       Confused          |       |       |     3 |     3 ||     6
       Distracted        |       |       |     1 |       ||     1
Armor: Robe              |       |       |       |     1 ||     1
Dodge: Dodged            |    12 |     3 |    19 |    25 ||    59
Block: Other             |       |       |       |     2 ||     2
